 Dungeon Crawl Stone Soup version 0.30-a0-341-g682706514a (webtiles) character file.

Game seed: 7488992782684453900

53 NinjaNoafa the Cutter (level 3, -6/27 HPs)
             Began as a Merfolk Gladiator on Nov 3, 2022.
             Mangled by an iguana (12 damage)
             ... on level 3 of the Dungeon.
             The game lasted 00:01:48 (1452 turns).

NinjaNoafa the Cutter (Merfolk Gladiator)           Turns: 1452, Time: 00:01:48

Health: -6/27      AC:  7    Str: 14    XL:     3   Next: 89%
Magic:  3/3        EV: 14    Int:  7    God:
Gold:   76         SH:  0    Dex: 17    Spells: 2/2 levels left

rFire   . . .      SeeInvis .    a - +0 rapier
rCold   . . .      Faith    .    (no shield)
rNeg    . . .      Spirit   .    b - +0 leather armour
rPois   .          Reflect  .    c - +0 helmet
rElec   .          Harm     .    (no cloak)
rCorr   .          Rampage  .    l - +2 pair of gloves
Will    .....                    (no boots)
Stlth   +.........               (no amulet)
HPRegen 0.24/turn                (no ring)
MPRegen 0.08/turn                (no ring)

@: no status effects
A: (nimble swimmer 2), mertail
a: no special abilities


You were on level 3 of the Dungeon.
You visited 1 branch of the dungeon, and saw 3 of its levels.

You collected 76 gold pieces.

Inventory:

Hand Weapons
 a - a +0 rapier (weapon)
Missiles
 d - 3 throwing nets
 h - 25 stones
 n - a javelin (quivered)
Armour
 b - a +0 leather armour (worn)
 c - a +0 helmet (worn)
 l - a +2 pair of gloves (worn)
Jewellery
 f - an amulet of magic regeneration
Wands
 u - a wand of charming (9)
Scrolls
 j - 2 scrolls of fear {unknown}
 k - a scroll of immolation {unknown}
 m - a scroll of enchant armour {unknown}
 o - a scroll of magic mapping {unknown}
 q - a scroll of amnesia {unknown}
 r - a scroll of identify {unknown}
 t - 3 scrolls of blinking {unknown}
Potions
 e - a potion of mutation {unknown}
 g - a potion of heal wounds {unknown}
 i - a potion of flight {unknown}
 p - a potion of invisibility {unknown}
 s - a potion of curing {unknown}


   Skills:
 - Level 2.1 Fighting
 - Level 5.0 Short Blades
 - Level 2.0 Throwing
 + Level 5.0 Dodging


You had 2 spell levels left.
You didn't know any spells.
Your spell library contained the following spells:

 Spells                   Type           Power      Damage    Failure   Level
 Apportation              Tloc           0%         N/A       52%         1
 Necrotise                Necr           0%         1d4       52%         1
 Summon Small Mammal      Summ           0%         N/A       52%         1
 Leda's Liquefaction      Hex/Erth       0%         N/A       99%         4
 Lee's Rapid Deconstruct  Erth           0%         3d4*      100%        5
 Statue Form              Tmut/Erth      0%         N/A       100%        6


Dungeon Overview and Level Annotations

Branches:
Dungeon (3/15)

Altars:
Dithmenos


Innate Abilities, Weirdness & Mutations

((You are very nimble when in or above water. (Stealth+, EV+, Speed+++)))
Your lower body shifts to a powerful aquatic tail in water.


Message History

The ball python is moderately wounded.
The ball python bites you but does no damage.
The ball python grabs you. The ball python constricts you.
You hit the ball python.
You kill the ball python!
Your Dodging skill increases to level 5!
You see here a ball python corpse.
n - a javelin
Found a quarterstaff.
You open the door.
There is an open door here.
You now have 76 gold pieces (gained 13).
Found a shadowy altar of Dithmenos.
You open the door.
There is an open door here.
A rat comes into view.
You see here a wand of charming (9).
You puncture the rat!
You kill the rat!
You see here a rat corpse.
There is an open door here.
u - a wand of charming (9)
An iguana comes into view.
An iguana is nearby!
The iguana hisses angrily.
You closely miss the iguana. The iguana bites you!
You hit the iguana.
The iguana is lightly wounded.
The iguana closely misses you.
You closely miss the iguana.
The iguana is lightly wounded.
The iguana closely misses you.
You hit the iguana.
The iguana is moderately wounded.
The iguana bites you!
* * * LOW HITPOINT WARNING * * *
You hit the iguana.
The iguana is heavily wounded.
The iguana bites you!
You die...

#........ .#.#
#.......##.#.###
#.......#.......
#......#......
#.$....#.....
#.:.......#
#.l......#
#..@.....#
#........#
######.....##
#....#####'.##
#._.#.....#..####
#...#.###.##†...###
#####.#...##......#
#....###....##..###
###....#.....##....


You could see an iguana.

Vanquished Creatures
  An adder (D:2)
  2 worms
  2 endoplasms
  A giant cockroach (D:1)
  2 hobgoblins
  2 jackals (D:1)
  6 kobolds
  2 quokkas (D:1)
  4 ball pythons
  4 bats
  4 frilled lizards (D:2)
  4 goblins
  4 rats
38 creatures vanquished.

Notes
Turn   | Place    | Note
-------+----------+-------------------------------------------
     0 | D:1      | NinjaNoafa the Merfolk Gladiator began the quest for the
                  | Orb.
     0 | D:1      | Reached XP level 1. HP: 16/16 MP: 1/1
   253 | D:1      | Reached XP level 2. HP: 20/22 MP: 2/2
   855 | D:2      | Reached XP level 3. HP: 27/27 MP: 3/3
   898 | D:2      | Reached skill level 5 in Short Blades
   954 | D:2      | Noticed an eye of devastation
   964 | D:2      | Found a faded altar of an unknown god.
   966 | D:2      | Noticed a great orb of eyes
   966 | D:2      | Noticed a shining eye
   966 | D:2      | Noticed an eye of devastation
  1373 | D:3      | Reached skill level 5 in Dodging
  1421 | D:3      | Found a shadowy altar of Dithmenos.
  1452 | D:3      | Mangled by an iguana

Illustrated notes

Levels and vault maps discovered:
D:1:      mrwooster_arrival_arrow, layout_loops_ring
D:2:      layout_rooms, hellmonk_ecumenical_altar_watching_god
D:3:      layout_basic, mainiacjoe_overflow_swirl, serial_shops, shop, shop,
          nicolae_shop_hallway_stairs, kennysheep_generic_room_14

Skill      XL: |  1  2  3 |
---------------+----------+-----
Short Blades   | 4 5 |  5.0
Dodging        | 5 |  5.0
Fighting       | |  2.1
Throwing       | |  2.0

Action                   || total
-------------------------++-------
Melee: Rapier            ||   122
Throw: Javelin           ||    14
       Throwing net      ||     1
 Stab: Sleeping          ||     1
Armor: Leather armour    ||    40
Dodge: Dodged            ||    92

Table legend: (Time is in decaauts)
 A = Elapsed time spent in this place.
 B = Non-inter-level travel time spent in this place.
 C = Inter-level travel time spent in this place.
 D = Time resting spent in this place.
 E = Time spent auto-exploring this place.
 F = Levels seen in this place.
 G = Mean time per level.
                   A        B        C        D        E       F      G
               +--------+--------+--------+--------+--------+-----+--------+
         Total |   1453 |   1412 |     41 |      0 |   1068 |   3 |  484.3 |
       Dungeon |   1453 |   1412 |     41 |      0 |   1068 |   3 |  484.3 |
               +--------+--------+--------+--------+--------+-----+--------+

Top non-repeatable levels by time:
     D:1: 846 daAuts
     D:2: 463 daAuts
     D:3: 143 daAuts
